Map: Prion Terraces

Players

Bosmuis

  • Race: Zerg Zerg
  • League: Gold

lesha - Winner!

  • Race: Terran Terran
  • League: Gold

VOD

Have the link to the VOD?

Description

Time

  • Played on: Jan. 13, 2016, 10:49 a.m.
  • Length: 8:18
Show
View Real Time Build Order
Export as new Build Order

Bosmuis Zerg 

Build Orders: Pool First 

Get SALT Encoding   

  12  0:01  Drone  
  13  0:12  Overlord  
  13  0:17  Drone  
  14  0:30  Drone  
  14  0:31  Drone  
  14  0:35  Drone  
  17  0:46  Spawning Pool  
  17  0:49  Drone  
  17  0:59  Drone  
  18  1:05  Extractor  
  17  1:19  Hatchery  
  17  1:20  Drone  
  17  1:23  Drone  
  18  1:32  Drone  
  19  1:36  Queen  
  21  1:43  Overlord  
  21  1:50  Drone  
  22  2:07  Spine Crawler  
  21  2:11  Metabolic Boost  
  21  2:12  Queen  
  23  2:26  Zergling x4  
  23  2:28  Zergling x2  
  26  2:44  Queen  
  26  2:46  Drone  
  29  2:56  Drone x3  
  32  3:00  Drone  
  33  3:06  Evolution Chamber  
  32  3:16  Drone  
  32  3:17  Drone x3  
  36  3:24  Overlord  
  36  3:27  Overlord  
  36  3:42  Queen  
  36  3:43  Overlord  
  36  3:45  Drone x4  
  42  3:52  Zerg Missile Weapons Level 1  
  42  4:09  Baneling Nest  
  41  4:10  Drone x2  
  41  4:13  Drone  
  41  4:16  Spore Crawler  
  43  4:19  Spore Crawler  
  42  4:36  Roach Warren  
  41  4:40  Drone x3  
  41  4:45  Extractor  
  43  4:48  Drone x2  
  43  4:50  Drone x2  
  47  4:57  Zergling x2  
  47  4:58  Zergling x8  
  52  5:02  Hatchery  
  51  5:09  Drone x3  
  51  5:12  Drone  
  53  5:22  Roach  
  53  5:23  Roach  
  57  5:32  Drone  
  57  5:33  Drone  
  59  5:36  Extractor  
  59  5:38  Extractor  
  59  5:40  Overlord x5  
  57  6:00  Lair  
  59  6:25  Roach  
  59  6:26  Roach x4  
  67  6:33  Baneling x3  
  67  6:34  Baneling x4  
  67  6:35  Zergling x2  
  67  6:38  Roach  
  70  6:40  Overlord  
  70  6:41  Zergling x2  
  70  6:42  Zergling x18  
  74  6:47  Zergling x2  
  74  6:48  Zergling x6  
  73  7:06  Roach x3  
  79  7:12  Hatchery  
  78  7:16  Drone  
  78  7:17  Drone  
  80  7:24  Drone  
  80  7:25  Hatchery  
  80  7:28  Baneling  
  80  7:29  Baneling x7  
  63  7:42  Zergling x8  
  45  7:54  Spine Crawler  
  41  8:03  Baneling x4  
Show
View Real Time Build Order
Export as new Build Order

lesha Terran - Winner!

Build Orders: Reaper Expand 

Get SALT Encoding   

  12  0:01  SCV  
  13  0:13  SCV  
  14  0:18  Supply Depot  
  14  0:25  SCV  
  15  0:40  SCV  
  15  0:42  Barracks  
  16  0:46  Refinery  
  16  0:52  SCV  
  17  1:04  SCV  
  18  1:16  SCV  
  19  1:29  Reaper  
  19  1:30  Orbital Command  
  20  1:44  Command Center  
  20  1:56  SCV  
  20  1:57  Supply Depot  
  21  2:05  Marine  
  22  2:11  Refinery  
  22  2:14  Factory  
  23  2:15  SCV  
  23  2:27  SCV  
  24  2:39  SCV  
  25  2:52  SCV  
  25  2:53  Barracks Reactor  
  26  2:59  Factory Tech Lab  
  26  3:02  Orbital Command  
  26  3:03  Barracks  
  26  3:04  SCV  
  27  3:15  Barracks  
  27  3:18  Starport  
  27  3:33  Marine x2  
  29  3:35  Siege Tank  
  29  3:41  Orbital Command  
  32  3:44  SCV  
  33  3:56  SCV, Marine x2  
  33  3:58  Barracks Tech Lab, Engineering Bay  
  33  3:59  Supply Depot, Starport Reactor  
  36  4:08  SCV  
  36  4:09  SCV  
  38  4:15  Barracks Reactor, Marine  
  38  4:16  Marine  
  40  4:26  Marauder  
  42  4:37  Refinery  
  42  4:38  Marine x2  
  43  4:39  Refinery  
  43  4:40  SCV x2  
  46  4:46  Barracks  
  46  4:52  SCV x2  
  48  5:02  Supply Depot  
  48  5:04  Supply Depot  
  48  5:05  SCV  
  48  5:06  SCV, Marine x3  
  48  5:07  Marine  
  53  5:11  Stimpack  
  54  5:23  Medivac x2  
  54  5:24  Marauder  
  60  5:29  Marine x3  
  63  5:36  Marine  
  63  5:39  SCV x2  
  66  5:44  Barracks Reactor  
  66  5:48  Marine x2  
  66  5:49  Marine x2  
  70  5:50  Command Center  
  70  5:53  Terran Infantry Weapons Level 1  
  70  6:10  Supply Depot  
  70  6:11  Supply Depot x2  
  70  6:31  Siege Tank, Marine x5  
  78  6:33  SCV x2, Marine x2  
  81  6:49  Marine x3  
  83  6:54  SCV x2  
  85  7:06  SCV x2  
  85  7:07  Marine x3  
  85  7:08  Marine x4  
  93  7:09  Medivac x2  
  93  7:10  Siege Tank  
  101  7:18  Barracks  
  101  7:19  Barracks  
  101  7:20  Supply Depot, Barracks  
  101  7:22  Supply Depot  
  101  7:25  Marine  
  77  7:44  Supply Depot  
  76  8:00  Marine x2  
  76  8:05  SCV x3  
  91  8:12  Barracks Tech Lab x2  
  92  8:13  Barracks Reactor  
Tags
 
Add a new tag
Caveats
  • Supply blocks, unpowered buildings, or Contaminate may cause inaccurate times.
  • Supply counts are checked every 10 seconds.